 Dungeon Crawl Stone Soup version 0.23.2-33-g5129a83184 (webtiles) character file.

Game seed: 10908174764510394484

128 Electrofox the Changer (level 4, -1/35 HPs)
             Began as a Draconian Transmuter on Aug 3, 2019.
             Slain by a worker ant (3 damage)
             ... on level 3 of the Dungeon.
             The game lasted 00:14:09 (2537 turns).

Electrofox the Changer (Draconian Transmuter)       Turns: 2537, Time: 00:14:10

Health: -1/35      AC:  5    Str: 12    XL:     4   Next: 87%
Magic:  8/8        EV: 12    Int: 15    God:
Gold:   109        SH:  0    Dex: 11    Spells: 6/9 levels left

rFire    . . .     SeeInvis .   g - +0 dagger
rCold    . . .     Gourm    .   (no shield)
rNeg     . . .     Faith    .   (armour unavailable)
rPois    .         Spirit   .   (helmet restricted)
rElec    .         Reflect  .   (no cloak)
rCorr    .         Harm     .   (no gloves)
MR       .....                  (no boots)
Stlth    +.........             (no amulet)
HPRegen  0.11/turn              (no ring)
MPRegen  0.11/turn              (no ring)

@: no status effects
A: unfitting armour, cold-blooded, AC +5
a: no special abilities


You were on level 3 of the Dungeon.
You were very hungry.

You visited 1 branch of the dungeon, and saw 4 of its levels.

You collected 109 gold pieces.

Inventory:

Hand Weapons
 g - a +0 dagger (weapon)
 m - a +0 whip
Missiles
 a - 70 arrows
 k - 25 poisoned needles
Armour
 f - a +0 cloak
 l - a +1 pair of gloves
 n - a +0 pair of boots
Scrolls
 b - a scroll of teleportation {unknown}
 d - 3 scrolls of identify {unknown}
 e - 2 scrolls of remove curse {unknown}
 h - 2 scrolls of magic mapping {unknown}
 i - a scroll of amnesia {unknown}
 p - 3 scrolls of immolation {unknown}
 q - a scroll of random uselessness {unknown}
Potions
 j - a potion of resistance {unknown}
 o - 2 potions of heal wounds {unknown}
Comestibles
 c - 5 rations


   Skills:
 - Level 1.1 Fighting
 - Level 1.7 Dodging
 - Level 3.0 Unarmed Combat
 + Level 3.1 Spellcasting
 * Level 4.3 Transmutations


You had 6 spell levels left.
You knew the following spells:

 Your Spells              Type           Power        Failure   Level  Hunger
a - Beastly Appendage     Tmut           ###...       3%          1    #......
b - Sticks to Snakes      Tmut           ###.....     4%          2    ##.....

Your spell library contained the following spells:

 Spells                   Type           Power        Failure   Level  Hunger
 Spider Form              Tmut/Pois      #.........   24%         3    ###....
 Ice Form                 Ice/Tmut       #.......     63%         4    #####..
 Blade Hands              Tmut           ###.......   67%         5    ######.


Dungeon Overview and Level Annotations

Branches:
Dungeon (4/15)
 Temple: D:4-7

Altars:
The Shining One

Annotations:
D:2 exclusion: adder
D:4 exclusions: adder and scorpion, Blork the orc


Innate Abilities, Weirdness & Mutations

Your plain brown scales are hard. (AC +5)
You cannot fit into any form of body armour.
You are cold-blooded and may be slowed by cold attacks.


Message History

You see here a stone.
You are feeling very hungry.
The worker ant closely misses you. The kobold completely misses you.
The worker ant barely misses you.
The rat twitches its whiskers.
The worker ant bites you but does no damage.
Found 9 gold pieces.
An adder and 3 gnolls come into view.
The gnoll shouts! x2
The worker ant barely misses you.
The adder hisses angrily.
The worker ant bites you.
* * * LOW HITPOINT WARNING * * *
The rat twitches its whiskers.
A kobold comes into view. It is wielding a +0 whip.
Found a runed scarf.
The worker ant waves its antennae.
The worker ant bites you.
You die...

+....$....g..# ..
##+##......g.....###..
#....##+#.............
#....+......###.......
#....#......S........[
#....#.......##.......
#...........rK........
#.......g.g..a.....K..
#....#.#.#..#.@.......
#....#.........#......
#....#......#...##....
#....#.##...+...# ...
#....#......#...# ..
##..g....####...# .
### #.......##..?###
..# #........+%...
...#
#.....$..#....######
...#


You could see a worker ant, a gnoll, an adder, a hobgoblin, a goblin, 2 kobolds
and a rat.

Vanquished Creatures
  A howler monkey (D:4)
  A hound skeleton (D:4)
  An adder (D:2)
  An ooze (D:1)
  A leopard gecko (D:1)
  A giant cockroach (D:1)
  5 goblins
  5 hobgoblins
  5 kobolds (D:1)
  A ball python (D:1)
  9 bats
  3 frilled lizards
  3 rats
37 creatures vanquished.

Vanquished Creatures (collateral kills)
  2 worker ants (D:4)
  2 adders (D:4)
  An orc (D:4)
5 creatures vanquished.

Grand Total: 42 creatures vanquished

Notes
Turn   | Place    | Note
-------+----------+-------------------------------------------
     0 | D:1      | Electrofox the Draconian Transmuter began the quest for the
                  | Orb.
     0 | D:1      | Reached XP level 1. HP: 16/16 MP: 3/3
   342 | D:1      | Reached XP level 2. HP: 14/23 MP: 3/5
   631 | D:1      | Learned a level 2 spell: Sticks to Snakes
   882 | D:1      | Reached skill level 3 in Transmutations
  1140 | D:1      | Reached XP level 3. HP: 25/28 MP: 6/6
  1830 | D:2      | Found a glowing golden altar of the Shining One.
  1929 | D:2      | You fall through a shaft for 2 floors!
  2090 | D:4      | Reached XP level 4. HP: 5/35 MP: 1/8
  2445 | D:4      | Reached skill level 4 in Transmutations
  2459 | D:4      | Noticed Blork the orc
  2463 | D:4      | Noticed a phantom
  2537 | D:3      | Slain by a worker ant

Skill      XL: |  1  2  3  4 |
---------------+-------------+-----
Transmutations | 3 4 |  4.3
Spellcasting   | 3 |  3.1
Fighting       | |  1.1
Dodging        | |  1.7
Unarmed Combat | |  3.0

Action                   |  1- 3 |  4- 6 || total
-------------------------+-------+-------++-------
Melee: Dagger            |   177 |    19 ||   196
       Unarmed           |     6 |       ||     6
       Tailslap          |    15 |     2 ||    17
       Kick              |     2 |     1 ||     3
       Headbutt          |     1 |       ||     1
       Punch             |       |     1 ||     1
 Cast: Beastly Appendage |     5 |     1 ||     6
       Sticks to Snakes  |     7 |     4 ||    11
 Stab: Sleeping          |     1 |       ||     1
  Eat: Chunk             |     4 |     1 ||     5
Armor: Skin              |    61 |    10 ||    71
Dodge: Dodged            |   137 |    32 ||   169
